 Dungeon Crawl Stone Soup version 0.27.1-4-g1640c2035a (webtiles) character file.

Game seed: 13678966657779127092

67 Eitelfritz the Sneak (level 4, -7/26 HPs)
             Began as a Vampire Brigand on Nov 1, 2021.
             Killed by divine providence
             ... invoked by an orc priest
              (15 damage)
             ... on level 3 of the Dungeon.
             The game lasted 00:07:06 (2124 turns).

Eitelfritz the Sneak (Vampire Brigand)              Turns: 2124, Time: 00:07:07

Health: -7/26      AC:  5    Str:  9 (11) XL:     4   Next: 0%
Magic:  4/4        EV: 11    Int: 12 (13) God:
Gold:   109        SH:  0    Dex: 14 (15) Spells: 3/3 levels left

rFire    . . .     SeeInvis +   a - +2 dagger
rCold    + + .     Faith    .   (no shield)
rNeg     + + +     Spirit   .   k - +0 leather armour {Will+}
rPois    ∞         Reflect  .   j - +0 helmet
rElec    .         Harm     .   c - +0 cloak
rCorr    .         Rampage  .   (no gloves)
Will     +....                  (no boots)
Stlth    +++++.....             (no amulet)
HPRegen  0.00/turn              (no ring)
MPRegen  0.09/turn              (no ring)

@: bloodless, inhibited regen
A: bloodless, fangs 3, see invisible, vampiric 2
a: Bat Form, Revivify


You were on level 3 of the Dungeon.
You visited 1 branch of the dungeon, and saw 3 of its levels.

You collected 109 gold pieces.

Inventory:

Hand Weapons
 a - a +2 dagger (weapon)
Missiles
 d - 16 poisoned darts (quivered)
 e - 2 curare-tipped darts
Armour
 c - a +0 cloak (worn)
 j - a +0 helmet (worn)
 k - a +0 leather armour of willpower (worn)
Jewellery
 h - an amulet of faith
Potions
 b - a potion of lignification {unknown}
 f - 2 potions of haste {unknown}
 i - a potion of heal wounds {unknown}


   Skills:
 + Level 2.0 Fighting
 + Level 2.5 Short Blades
 + Level 1.8 Throwing
 + Level 1.3 Dodging
 + Level 7.8 Stealth


You had 3 spell levels left.
You didn't know any spells.
Your spell library was empty.

Dungeon Overview and Level Annotations

Branches:
Dungeon (3/15)

Altars:


Innate Abilities, Weirdness & Mutations

You do not regenerate when monsters are visible.
You are frail without blood (-20% HP).
You can heal yourself when you bite living creatures.
You are immune to poison.
You have razor-sharp teeth.
You have supernaturally acute eyesight. (SInv)
You are afflicted with vampirism and can become a bat while bloodless.


Message History

A rat and an orc priest come into view.
The orc priest shouts!
You hear a shout!
An orc comes into view. It is wielding a +0 club.
An orc wizard comes into view. It is wielding a +0 dagger.
The orc shouts!
The orc wizard shouts!
The ball python hisses angrily.
You closely miss the ball python.
The ball python bites you but does no damage.
The ball python barely misses you. The ball python closely misses you. x2
You hit the ball python.
You kill the ball python!
The rat bites you but does no damage.
You hit the rat but do no damage.
The orc priest miscasts a cantrip.
An orc priest comes into view. It is wielding a +0 flail.
The rat bites you but does no damage.
The orc priest shouts!
You hit the rat.
The rat is heavily wounded.
The rat bites you.
You hit the rat.
You kill the rat!
You have reached level 4!
You hit the orc priest.
The orc priest is lightly wounded.
An orc comes into view. It is wielding a +0 flail.
The orc priest hits you with a +0 club.
You barely miss the orc priest. The orc priest hits you with a +0 club.
You hit the orc priest but do no damage.
The orc priest hits you with a +0 club.
You barely miss the orc priest. The orc priest hits you with a +0 club.
You closely miss the orc priest.
An endoplasm comes into view.
The orc priest hits you but does no damage.
There is a stone staircase leading down here.
The orc priest calls down the wrath of Beogh upon you.
Beogh smites you!
Ouch! That really hurt!
You die...

#.#....##. #........
....... .####.....#
.....Joo.. .........
.. ......o?#### #.
........oo.#### ..
........##o>@.# #.
........#####.####.##
######### #....#..##
####.##..# #.....#
####<.# #..# ####


You could see 2 orc priests and 2 orcs.

Vanquished Creatures
  2 worms (D:2)
  3 dart slugs (D:2)
  5 endoplasms
  3 giant cockroaches
  6 hobgoblins
  A quokka (D:1)
  4 ball pythons
  8 bats
  14 frilled lizards
  3 goblins (D:2)
  2 kobolds (D:1)
  7 rats
58 creatures vanquished.

Vanquished Creatures (others)
  5 plants (D:1)
5 creatures vanquished.

Grand Total: 63 creatures vanquished

Notes
Turn   | Place    | Note
-------+----------+-------------------------------------------
     0 | D:1      | Eitelfritz the Vampire Brigand began the quest for the Orb.
     0 | D:1      | Reached XP level 1. HP: 16/16 MP: 1/1
   130 | D:1      | Reached skill level 6 in Stealth
   300 | D:1      | Reached XP level 2. HP: 22/22 MP: 2/2
   581 | D:1      | Reached skill level 7 in Stealth
   817 | D:1      | Gained mutation: You are afflicted with vampirism and can
                  | become a bat while bloodless. [Vampire growth]
   817 | D:1      | Reached XP level 3. HP: 27/27 MP: 3/3
  2018 | D:2      | Found a faded altar of an unknown god.
  2117 | D:3      | Reached XP level 4. HP: 23/26 MP: 4/4
  2124 | D:3      | Killed from afar by an orc priest

Illustrated notes

Levels and vault maps discovered:
D:1:      kilobyte_arrival_exit_the_forest, layout_loops_corners,
          minmay_lizard_king
D:2:      layout_basic, basic_ecumenical_altar, minmay_tetromino_o4
D:3:      layout_rooms, nicolae_ashenzari_skybound, uniq_ijyb

Skill      XL: |  1  2  3 |
---------------+----------+-----
Stealth        | 6 7 |  7.8
Fighting       | 2 |  2.0
Short Blades   | |  2.5
Throwing       | |  1.8
Dodging        | |  1.3

Action                   |  1- 3 |  4- 6 || total
-------------------------+-------+-------++-------
Melee: Dagger            |   138 |     5 ||   143
       Bite              |    11 |       ||    11
 Abil: End Transformatio |     1 |       ||     1
       Bat Form          |     1 |       ||     1
       Exsanguinate      |     1 |       ||     1
 Stab: Sleeping          |    23 |       ||    23
Armor: Robe              |     6 |       ||     6
       Leather armour    |    30 |     1 ||    31
Dodge: Dodged            |    55 |       ||    55
